 Dungeon Crawl Stone Soup version 0.31.0-32-g396128a36d (webtiles) character file.

Game seed: 15525057376688268492

4483 monsoonserge the Grappler (level 10, -2/76 HPs)
             Began as a Gnoll Shapeshifter on Mar 26, 2024.
             Was an Initiate of Gozag.
             Slain by a yak (13 damage)
             ... on level 9 of the Dungeon.
             The game lasted 00:27:15 (8433 turns).

monsoonserge the Grappler (Gnoll Shapeshifter)      Turns: 8433, Time: 00:27:16

Health: -2/76      AC: 10    Str: 21    XL:     10   Next: 38%
Magic:  18/18      EV: 14    Int: 13    God:    Gozag
Gold:   797        SH:  0    Dex: 14    Spells: 17/19 levels left

rFire   . .          .
                       - Unarmed
rCold   . . .        (no shield)
rNeg    . . .        z - +4 ring mail of Tasetipn {*Corrode Str+3 Int+3 Dex+3}
rPois   .            (helmet currently unavailable)
rElec   .            L - melded +0 cloak
rCorr   +            (gloves currently unavailable)
SInv    .            r - melded +0 pair of boots
Will    .....        m - amulet of magic regeneration
Stlth   ++           f - ring of resist corrosion
HPRegen 0.32/turn    (no ring)
MPRegen 0.56/turn

%: corrode self (3%)
@: beast-form, studying Axes, invisible
A: beast (slay +4), fangs 1, strong nose, distributed training
a: Begin Untransformation, Renounce Religion, Potion Petition, Call Merchant,
Bribe Branch


You were on level 9 of the Dungeon.
You worshipped Gozag.
Gozag was pleased with you.
You were a hulking beast.
You visited 2 branches of the dungeon, and saw 10 of its levels.
You also visited: Ossuary.

You collected 1041 gold pieces.
You spent 91 gold pieces at shops.
You paid 153 gold pieces to Gozag.

Inventory:

Missiles
 e - 11 boomerangs
 i - 3 datura-tipped darts
 w - 3 curare-tipped darts
 A - 22 poisoned darts (quivered)
 J - a throwing net
Armour
 b - the +1 ring mail of Hedonism {Will+}
   (You found it on level 4 of the Dungeon)

   Will+:     It increases your willpower.
 n - a +0 chain mail
 r - a +0 pair of boots (melded)
 z - the +4 ring mail of Tasetipn (worn) {*Corrode Str+3 Int+3 Dex+3}
   (You found it on level 5 of the Dungeon)

   Str+3:     It affects your strength (+3).
   Int+3:     It affects your intelligence (+3).
   Dex+3:     It affects your dexterity (+3).
   *Corrode:  It may corrode you when you take damage.
 L - a +0 cloak (melded)
Jewellery
 f - a ring of resist corrosion (left hand)
 m - an amulet of magic regeneration (around neck)
 K - a ring of fire
Talismans
 c - a beast talisman (active)
 d - a flux talisman
 M - a granite talisman
Wands
 y - a wand of mindburst (21)
 H - a wand of iceblast (5)
Scrolls
 a - a scroll of amnesia {unknown}
 h - 2 scrolls of immolation {unknown}
 o - 5 scrolls of teleportation
 s - 2 scrolls of vulnerability {unknown}
 t - 2 scrolls of fear {unknown}
 u - 2 scrolls of poison
 B - 2 scrolls of revelation {unknown}
 C - a scroll of silence {unknown}
 D - a scroll of butterflies {unknown}
 G - 2 scrolls of enchant armour {unknown}
 I - a scroll of acquirement {unknown}
Potions
 g - 4 potions of curing {unknown}
 j - 2 potions of heal wounds
 k - 3 potions of attraction
 l - a potion of invisibility
 p - 2 potions of resistance
 q - 2 potions of haste {unknown}
 v - a potion of magic {unknown}
 x - 2 potions of might
 E - a potion of berserk rage {unknown}
 F - 2 potions of enlightenment


   Skills:
 + Level 6.1 Fighting
 + Level 5.4 Short Blades
 + Level 5.4 Long Blades
 + Level 7.1 Axes
 + Level 5.4 Maces & Flails
 + Level 5.4 Polearms
 + Level 5.4 Staves
 + Level 5.4 Ranged Weapons
 + Level 5.4 Throwing
 + Level 5.4 Armour
 + Level 7.2 Dodging
 + Level 5.4 Stealth
 + Level 5.4 Shields
 + Level 8.6 Unarmed Combat
 + Level 5.4 Spellcasting
 + Level 4.4 Conjurations
 + Level 4.4 Hexes
 + Level 4.4 Summonings
 + Level 4.4 Necromancy
 + Level 4.4 Translocations
 + Level 4.4 Fire Magic
 + Level 4.4 Ice Magic
 + Level 4.4 Air Magic
 + Level 4.4 Earth Magic
 + Level 4.4 Alchemy
 + Level 6.0 Invocations
 + Level 5.4 Evocations
 + Level 8.3 Shapeshifting


You had 17 spell levels left.
You knew the following spells:

 Your Spells              Type           Power      Damage    Failure   Level
a - Lesser Beckoning      Tloc           30%        N/A       7%          2

Your spell library contained the following spells:

 Spells                   Type           Power      Damage    Failure   Level
 Ensorcelled Hibernation  Hex/Ice        30%        N/A       7%          2
 Gell's Gravitas          Tloc           15%        N/A       13%         3
 Passwall                 Erth           15%        N/A       13%         3
 Swiftness                Air            15%        N/A       13%         3
 Teleport Other           Tloc           15%        N/A       13%         3
 Leda's Liquefaction      Alch/Erth      7%         N/A       41%         4
 Vhi's Electric Charge    Tloc/Air       30%        N/A       41%         4
 Arcjolt                  Conj/Air       7%         1d17      77%         5
 Lee's Rapid Deconstruct  Erth           7%         3d7*      77%         5
 Bombard                  Conj/Erth      7%         9d2       100%        6
 Dispersal                Tloc           7%         N/A       100%        6
 Plasma Beam              Fire/Air       7%         2x1d18    100%        6


Dungeon Overview and Level Annotations

Branches:
Dungeon (9/15)             Temple (1/1) D:7         Ossuary (visited)
   Lair: D:8-11         Orc: D:9-12

Altars:
Ashenzari
Cheibriados
Dithmenos
Elyvilon
Fedhas
Gozag
Hepliaklqana
Kikubaaqudgha
Makhleb
Nemelex Xobeh
Okawaru
Qazlal
Ru
Sif Muna
Trog
Uskayaw
Vehumet
Wu Jian
Xom
Yredelemnul
Zin
The Shining One

Shops:
D:2 *

Annotations:
D:9 Erica


Innate Abilities, Weirdness & Mutations

You are a hulking beast.
Your limbs bulge with bestial killing power. (Slay +4)
You have very sharp teeth.
Your uncanny sense of smell can sniff out nearby items.
Your experience applies equally to all skills.


Message History

You punch the yak!
You kill the yak!
The yak gores you! x2
* * * LOW HITPOINT WARNING * * *
Your Invocations skill increases to level 6!
The yak attacks as it pursues you! The yak barely misses you. x2
There is an open door, spattered with blood here.
You see here 20 gold pieces.
Okay, then.
Okay, then.
Okay, then.
You fade into invisibility!
The yak closely misses you.
You hit the yak but do no damage. The yak gores you but does no damage.
You punch the yak! x2
The yak is heavily wounded.
The yak gores you but does no damage.
There is an open door, spattered with blood here.
You see here 20 gold pieces.
You hit the yak. You bite the yak, but do no damage.
The yak is lightly wounded.
The yak closely misses you.
You punch the yak!
The yak is almost dead.
The yak closely misses you.
You hit the yak.
The yak is almost dead.
You hit the yak but do no damage. You bite the yak.
The yak is lightly wounded.
The yak gores you!
* * * LOW HITPOINT WARNING * * *
You closely miss the yak. Your punch misses the yak.
The yak is lightly wounded.
The yak gores you but does no damage.
You catch the helpless yak completely off-guard!
You punch the yak!
The yak is moderately wounded.
The yak gores you!
You die...
Your body crumbles into a pile of gold.

.#...#.#
.................
.#####.#
#####............
.......#
#...#............
.......#
#...#...........
.......#
#...#...........
.......#
+...#.......####
.......#
#...#.......#
.....###...
#...#.......+
.....# ....
#...hY......#
.....# ....
#####Y......#
.....#.....
........#
######.....
...........
......(....
...........
###........
#####.....
..#........ .....
..#.####### #+#
..'.#


You could see 2 yaks.

Vanquished Creatures
  Pikel (D:4)
  Grinder (D:6)
  Prince Ribbit (D:6)
  A yak (D:9)
  2 ice beasts (D:5)
  An orc warrior (D:7)
  A black bear (D:5)
  3 sky beasts
  An ogre (D:5)
  A centaur (D:6)
  3 lemures (D:4)
  3 kobold brigands
  Blork the orc (D:4)
  4 scorpions
  10 wights
  Dowan (D:5)
  3 killer bees
  3 howler monkeys
  2 bombardier beetles
  A gnoll bouda (D:8)
  3 hounds
  An orc priest (D:5)
  2 jellies (D:4)
  2 sleepcaps (D:6)
  Ijyb (D:3)
  Natasha (thrice) (D:3)
  3 iguanas
  2 orc wizards
  5 scorpion zombies (Ossuary)
  3 mummies (Ossuary)
  6 adders
  3 gnolls
  A white imp (D:7)
  6 ufetubi
  6 adder zombies (Ossuary)
  A dart slug (D:3)
  5 ribbon worms
  7 orcs
  8 endoplasms
  6 giant cockroaches
  2 gnoll zombies (Ossuary)
  5 goblins
  9 hobgoblins
  10 jackals
  3 quokkas
  5 ball pythons
  4 bats
  6 frilled lizards
  A jackal zombie (Ossuary)
  24 kobolds
  3 kobold zombies (Ossuary)
  8 rats
198 creatures vanquished.

Vanquished Creatures (collateral kills)
  Duvessa (D:5)
1 creature vanquished.

Vanquished Creatures (others)
  Maurice (D:9)
1 creature vanquished.

Grand Total: 200 creatures vanquished

Notes
Turn   | Place    | Note
-------+----------+-------------------------------------------
     0 | D:1      | monsoonserge the Gnoll Shapeshifter began the quest for the
                  | Orb.
     0 | D:1      | Reached XP level 1. HP: 17/17 MP: 1/1
    69 | D:1      | You fall into a shaft and drop 1 floor!
   108 | D:2      | Reached XP level 2. HP: 20/23 MP: 2/2
   204 | D:2      | Reached XP level 3. HP: 23/28 MP: 3/3
   290 | D:2      | Reached skill level 1 in Invocations
   406 | D:2      | Reached skill level 1 in Short Blades
   406 | D:2      | Reached skill level 1 in Long Blades
   406 | D:2      | Reached skill level 1 in Axes
   406 | D:2      | Reached skill level 1 in Maces & Flails
   406 | D:2      | Reached skill level 1 in Polearms
   406 | D:2      | Reached skill level 1 in Staves
   406 | D:2      | Reached skill level 1 in Ranged Weapons
   406 | D:2      | Reached skill level 1 in Throwing
   406 | D:2      | Reached skill level 1 in Armour
   406 | D:2      | Reached skill level 1 in Stealth
   406 | D:2      | Reached skill level 1 in Shields
   406 | D:2      | Reached skill level 1 in Spellcasting
   406 | D:2      | Reached skill level 1 in Evocations
   699 | D:1      | Reached XP level 4. HP: 34/34 MP: 5/5
  1435 | D:2      | Reached skill level 1 in Conjurations
  1435 | D:2      | Reached skill level 1 in Hexes
  1435 | D:2      | Reached skill level 1 in Summonings
  1435 | D:2      | Reached skill level 1 in Necromancy
  1435 | D:2      | Reached skill level 1 in Translocations
  1435 | D:2      | Reached skill level 1 in Fire Magic
  1435 | D:2      | Reached skill level 1 in Ice Magic
  1435 | D:2      | Reached skill level 1 in Air Magic
  1435 | D:2      | Reached skill level 1 in Earth Magic
  1435 | D:2      | Reached skill level 1 in Alchemy
  1608 | D:2      | Found Beqoops's General Store.
  1621 | D:2      | Bought a potion of degeneration for 12 gold pieces
  1621 | D:2      | Bought a scroll of teleportation for 36 gold pieces
  1624 | D:2      | Bought 3 curare-tipped darts for 43 gold pieces
  1843 | D:3      | Found a basalt altar of Yredelemnul.
  1843 | D:3      | Found an ancient bone altar of Kikubaaqudgha.
  1849 | D:3      | Found an iron altar of Okawaru.
  1858 | D:3      | Found a glowing silver altar of Zin.
  1904 | D:3      | Found a broken altar of Ashenzari.
  1905 | D:3      | Found a blossoming altar of Fedhas.
  1907 | D:3      | Noticed Natasha
  1914 | D:3      | Killed Natasha
  1915 | D:3      | Reached XP level 5. HP: 27/40 MP: 5/7
  1937 | D:3      | Noticed Natasha
  1944 | D:3      | Killed Natasha
  1964 | D:3      | Noticed Natasha
  1977 | D:3      | Killed Natasha
  2248 | D:3      | Noticed Ijyb
  2258 | D:3      | Killed Ijyb
  2340 | D:3      | Found a shimmering blue altar of Sif Muna.
  2340 | D:3      | Found a hazy altar of Hepliaklqana.
  2653 | D:4      | Reached XP level 6. HP: 47/47 MP: 8/8
  2779 | D:4      | Reached skill level 5 in Dodging
  3005 | D:4      | Noticed Pikel
  3021 | D:4      | Killed Pikel
  3022 | D:4      | Reached XP level 7. HP: 35/53 MP: 9/11
  3289 | D:4      | Reached XP level 8. HP: 56/60 MP: 12/12
  3316 | D:4      | Noticed Blork the orc
  3322 | D:4      | Killed Blork the orc
  3354 | D:4      | Found a hide-covered altar of Uskayaw.
  3393 | D:4      | Identified the +1 ring mail of Hedonism {Will+}
  3706 | D:5      | Entered Level 5 of the Dungeon
  4113 | D:5      | Identified the +4 ring mail of Tasetipn {*Corrode Str+3
                  | Int+3 Dex+3}
  4258 | D:5      | Noticed Dowan
  4259 | D:5      | Noticed Duvessa
  4276 | D:5      | Killed Duvessa
  4279 | D:5      | Killed Dowan
  4672 | D:6      | Reached XP level 9. HP: 62/66 MP: 14/14
  4869 | D:6      | Reached skill level 5 in Axes
  4952 | D:6      | Noticed Prince Ribbit
  4962 | D:6      | Killed Prince Ribbit
  4963 | D:6      | Reached skill level 5 in Fighting
  5110 | D:6      | Noticed Grinder
  5120 | D:6      | Killed Grinder
  5677 | D:7      | Found a staircase to the Ecumenical Temple.
  5686 | Temple   | Entered the Ecumenical Temple
  5723 | Temple   | Became a worshipper of Gozag Ym Sagoz the Greedy
  5769 | D:7      | Found a sand-covered staircase.
  5785 | D:7      | Learned a level 2 spell: Lesser Beckoning
  5789 | Ossuary  | Entered an ossuary
  5949 | Ossuary  | Reached skill level 5 in Invocations
  6450 | D:7      | Found an ornate altar of the Wu Jian Council.
  7092 | D:8      | Reached skill level 5 in Short Blades
  7092 | D:8      | Reached skill level 5 in Long Blades
  7092 | D:8      | Reached skill level 5 in Maces & Flails
  7092 | D:8      | Reached skill level 5 in Polearms
  7092 | D:8      | Reached skill level 5 in Staves
  7092 | D:8      | Reached skill level 5 in Ranged Weapons
  7092 | D:8      | Reached skill level 5 in Throwing
  7092 | D:8      | Reached skill level 5 in Armour
  7092 | D:8      | Reached skill level 5 in Stealth
  7092 | D:8      | Reached skill level 5 in Shields
  7092 | D:8      | Reached skill level 5 in Spellcasting
  7092 | D:8      | Reached skill level 5 in Evocations
  7092 | D:8      | Reached XP level 10. HP: 71/76 MP: 17/17
  7615 | D:9      | Noticed Maurice
  7620 | D:9      | Maurice stole a ring of fire
  7624 | D:9      | Something stole 11 boomerangs
  7627 | D:9      | Killed Maurice
  7843 | D:9      | Noticed Erica
  8433 | D:9      | Slain by a yak

Illustrated notes

Levels and vault maps discovered:
D:1:      dpeg_arrival_boxes_within_box, layout_basic, serial_co_window_serial,
          co_window_corner_a, co_window_paths_a, co_window_corner_a,
          co_window_corner_a, co_window_paths_a, co_window_of_opportunity_c,
          co_window_corner_b, co_window_unsneaky_path_a, co_window_corner_b,
          co_window_paths_d, glass_columns_c, glass_columns_a, glass_columns_a
D:2:      wad_river_or_something, layout_rooms, serial_shops,
          nicolae_lakefront_shop, grunt_ministairs_3, nicolae_the_louvre
D:3:      layout_basic, nicolae_overflow_two_pavilions,
          nicolae_overflow_macrodata_refinement,
          chequers_temple_overflow_statue_of_worship, uniq_ijyb, uniq_natasha
D:4:      minmay_spotlight, layout_gridville, amcnicky_altar_gilded, uniq_pikel,
          uniq_blork_the_orc
D:5:      layout_loops_ring, uniq_duvessa
D:6:      layout_gridville, uniq_prince_ribbit1, uniq_grinder
D:7:      layout_rooms, nzn_wu_jian_council_hall,
          minmay_temple_entry_butterflies, enter_ossuary_1,
          serial_co_window_serial, co_window_paths_a, co_window_paths_a,
          co_window_paths_a, co_window_paths_b, co_window_cross_1,
          co_window_unsneaky_path_b, co_window_cross_3, co_window_2corner,
          co_window_broadway_a, glass_columns_a, glass_columns_a,
          glass_columns_c, fountainhead, supply_closet_lemuel
D:8:      layout_rooms
D:9:      layout_irregular_city, lair_entry_dummy, uniq_erica, uniq_maurice
Temple:   minmay_temple_bridge_abc

Skill      XL: |  1  2  3  4  5  6  7  8  9 10 |
---------------+-------------------------------+-----
Invocations    | 1 2 3 4 5 6 |  6.0
Short Blades   | 1 2 3 5 |  5.4
Long Blades    | 1 2 3 5 |  5.4
Axes           | 1 2 3 4 6 7 |  7.1
Maces & Flails | 1 2 3 5 |  5.4
Polearms       | 1 2 3 5 |  5.4
Staves         | 1 2 3 5 |  5.4
Ranged Weapons | 1 2 3 5 |  5.4
Throwing       | 1 2 3 5 |  5.4
Armour         | 1 2 3 5 |  5.4
Stealth        | 1 2 3 5 |  5.4
Shields        | 1 2 3 5 |  5.4
Spellcasting   | 1 2 3 5 |  5.4
Evocations     | 1 2 3 5 |  5.4
Conjurations   | 1 2 3 4 |  4.4
Hexes          | 1 2 3 4 |  4.4
Summonings     | 1 2 3 4 |  4.4
Necromancy     | 1 2 3 4 |  4.4
Translocations | 1 2 3 4 |  4.4
Fire Magic     | 1 2 3 4 |  4.4
Ice Magic      | 1 2 3 4 |  4.4
Air Magic      | 1 2 3 4 |  4.4
Earth Magic    | 1 2 3 4 |  4.4
Alchemy        | 1 2 3 4 |  4.4
Fighting       | 3 4 5 6 |  6.1
Dodging        | 5 6 7 |  7.2
Unarmed Combat | 7 8 |  8.6
Shapeshifting  | 7 8 |  8.3

Action                     |  1- 3 |  4- 6 |  7- 9 | 10-12 || total
---------------------------+-------+-------+-------+-------++-------
  Melee: Unarmed           |    65 |   143 |   301 |    98 ||   607
         Bite              |     5 |    12 |    38 |    12 ||    67
         Punch             |     1 |     4 |    11 |     4 ||    20
  Throw: Boomerang         |       |     9 |    46 |       ||    55
         Dart              |       |     3 |     7 |     5 ||    15
    Use: Scroll            |       |     4 |     2 |     2 ||     8
         Potion            |       |     1 |       |     1 ||     2
   Stab: Sleeping          |       |     1 |     1 |       ||     2
         Distracted        |       |       |     1 |       ||     1
         Invisible         |       |       |       |     1 ||     1
 Armour: Animal skin       |     4 |       |       |       ||     4
         Ring mail         |    30 |    64 |   154 |    61 ||   309
         Skin              |       |    12 |       |       ||    12
  Dodge: Dodged            |    28 |    73 |   157 |    64 ||   322
   Form: Beast             |       |     1 |       |     1 ||     2
         Flux              |       |     1 |       |     1 ||     2
